 Dungeon Crawl Stone Soup version 0.21-a0-94-gdd6ab6a (webtiles) character file.

348 Ordine the Cudgeler (level 6, -6/37 HPs)
             Began as a Gargoyle Fighter on July 2, 2017.
             Killed by Freeze
             ... invoked by ciphuk's ghost
              (7 damage)
             ... on level 5 of the Dungeon.
             The game lasted 00:07:50 (2924 turns).

Ordine the Cudgeler (Gargoyle Fighter)              Turns: 2924, Time: 00:07:51

Health: -6/37      AC: 14    Str: 19    XL:     6   Next: 60%
Magic:  6/6        EV:  5    Int:  9    God:
Gold:   233        SH: 11    Dex: 13    Spells: 5/5 levels left

rFire    . . .     SeeInvis .   a - +0 flail
rCold    + . .     Gourm    .   c - +1 shield
rNeg     + . .     Faith    .   w - +0 chain mail
rPois    ∞         Spirit   .   (no helmet)
rElec    +         Reflect  .   (no cloak)
rCorr    .         Harm     .   k - +0 pair of gloves
MR       .....                  (no boots)
Stlth    ..........             t - amulet of magic regeneration
HPRegen  0.12/turn              s - ring of wizardry
MPRegen  0.35/turn              r - ring of protection from cold

@: invisible
A: agile 1, negative energy resistance 1, sense surroundings 1, electricity
resistance, unbreathing, petrification resistance, rot immunity, AC +4
a: no special abilities


You were on level 5 of the Dungeon.
You were not hungry.

You visited 1 branch of the dungeon, and saw 5 of its levels.

You collected 233 gold pieces.

Inventory:

Hand Weapons
 a - a +0 flail (weapon)
Armour
 c - a +1 shield (worn)
 k - a +0 pair of gloves (worn)
 w - a +0 chain mail (worn)
Jewellery
 r - a ring of protection from cold (right hand)
 s - a ring of wizardry (left hand)
 t - an amulet of magic regeneration (around neck)
Scrolls
 h - 7 scrolls of teleportation
 j - a scroll of remove curse
Potions
 d - a potion of cancellation
 i - a potion of brilliance
 v - a potion of might
Comestibles
 f - 2 bread rations
 g - 2 fruits
 l - 2 meat rations


   Skills:
 - Level 3.2 Fighting
 * Level 5.7 Maces & Flails
 - Level 3.2 Armour
 + Level 5.2 Shields


You had 5 spell levels left.
You didn't know any spells.

Dungeon Overview and Level Annotations

Branches:
Dungeon (5/15)
 Temple: D:4-7

Altars:
Gozag

Shops:
D:4 (

Annotations:
D:5 ciphuk's ghost, novice MfIE


Innate Abilities, Weirdness & Mutations

You are resistant to torment.
Your stone body is resilient. (AC +4)
You are immune to poison.
You resist negative energy. (rN+)
You are resistant to electric shocks. (rElec)
You can survive without breathing.
You are immune to petrification.
You are immune to rotting.
You are agile. (Dex +2)
You passively map a small area around you.


Message History

You are too injured to fight recklessly!
You are too injured to fight recklessly!
You are too injured to fight recklessly!
You are too injured to fight recklessly!
You are too injured to fight recklessly!
You closely miss ciphuk's ghost.
Ciphuk's ghost is almost destroyed.
Ciphuk's ghost casts a spell at you.
You are frozen.
* * * LOW HITPOINT WARNING * * *
It was a potion of mutation.
You feel extremely strange.
You feel a strange attunement to the structure of the dungeons.
You feel agile.
Ciphuk's ghost gestures at you while chanting.
You are frozen.
* * * LOW HITPOINT WARNING * * *
Unknown command.
You fade into invisibility!
Ciphuk's ghost points at you and mumbles some strange words.
You die...

* * , , , * * #
##################
#.#..............<..
,#.#.#############.#.
, * #.....# #...
###.#.#*, * #### ,
#.#.#*, , * #@#.# , *
#W#.. * , #.### * *
#.# * * , #.# , ,..#
* ### * * ,


You could see ciphuk's ghost.

Vanquished Creatures
  An ogre (D:4)
  2 hounds (D:4)
  2 orc wizards
  A worker ant (D:4)
  An adder (D:2)
  A worm (D:2)
  A dart slug (D:1)
  3 leopard geckos
  7 orcs
  3 giant cockroaches
  7 goblins
  7 hobgoblins
  8 jackals
  13 kobolds
  2 quokkas (D:4)
  8 bats
  3 frilled lizards
  6 rats
76 creatures vanquished.

Vanquished Creatures (others)
  An orc priest (D:4)
1 creature vanquished.

Grand Total: 77 creatures vanquished

Notes
Turn   | Place    | Note
-------+----------+-------------------------------------------
     0 | D:1      | Ordine the Gargoyle Fighter began the quest for the Orb.
     0 | D:1      | Reached XP level 1. HP: 14/14 MP: 1/1
    53 | D:1      | Reached XP level 2. HP: 16/19 MP: 2/2
   388 | D:1      | Reached XP level 3. HP: 23/23 MP: 3/3
   882 | D:2      | Reached XP level 4. HP: 26/28 MP: 4/4
  1632 | D:3      | Found an opulent altar of Gozag.
  2057 | D:4      | Found Ferom's Antique Weapon Shoppe.
  2058 | D:4      | Noticed an ogre
  2066 | D:4      | Killed an ogre
  2066 | D:4      | Reached XP level 5. HP: 32/32 MP: 5/5
  2073 | D:4      | Reached skill level 5 in Maces & Flails
  2073 | D:4      | Reached XP level 6. HP: 37/37 MP: 6/6
  2259 | D:4      | Reached skill level 5 in Shields
  2864 | D:5      | Entered Level 5 of the Dungeon
  2884 | D:5      | Noticed ciphuk's ghost (novice MfIE)
  2923 | D:5      | Gained mutation: You passively map a small area around you. [potion of mutation]
  2923 | D:5      | Gained mutation: You are agile. (Dex +2) [potion of mutation]
  2923 | D:5      | HP: 1/37 [ciphuk's ghost/Freeze (3)]
  2924 | D:5      | Killed from afar by ciphuk's ghost

Vault maps used:
D:1:      mrwooster_arrival_statue_2
D:3:      cheibrodos_old_hovel, lemuel_crystal_altar
D:4:      serial_shops, shop, first_bread
D:5:      kennysheep_mini, serial_shops, shop_statue

Skill      XL: |  1  2  3  4  5  6 |
---------------+-------------------+-----
Maces & Flails | 3 4 5 |  5.7
Shields        | 4 5 |  5.2
Fighting       | |  3.2
Armour         | |  3.2

Action                   |  1- 3 |  4- 6 || total
-------------------------+-------+-------++-------
Melee: Flail             |   124 |   209 ||   333
  Use: Scroll            |     6 |     6 ||    12
       Potion            |       |     7 ||     7
 Stab: Invisible         |       |     1 ||     1
  Eat: Chunk             |       |     7 ||     7
Armor: Scale mail        |    78 |   111 ||   189
       Chain mail        |       |    14 ||    14
Dodge: Dodged            |    31 |    64 ||    95
Block: Shield            |    59 |   116 ||   175
